 Dungeon Crawl Stone Soup version 0.28.0-49-g6dfe1f597d (webtiles) character file.

Game seed: 18294957741821585031

858 Keeper01 the Chopper (level 7, -4/66 HPs)
             Began as a Troll Earth Elementalist on May 11, 2022.
             Was an Initiate of Gozag.
             Slain by a yak (11 damage)
             ... on level 8 of the Dungeon.
             The game lasted 00:31:54 (3741 turns).

Keeper01 the Chopper (Troll Earth Elementalist)     Turns: 3741, Time: 00:31:54

Health: -4/66      AC:  4    Str: 23    XL:     7   Next: 71%
Magic:  8/8        EV: 10    Int: 13    God:    Gozag
Gold:   826        SH:  0    Dex: 10    Spells: 2/9 levels left

rFire   . . .      SeeInvis .   f - +3 hand axe (flame)
rCold   . . .      Faith    .   (no shield)
rNeg    . . .      Spirit   .   b - +0 robe
rPois   .          Reflect  .   (helmet restricted)
rElec   .          Harm     .   (no cloak)
rCorr   .          Rampage  .   (gloves unavailable)
Will    +....      Rage     1%  (boots unavailable)
Stlth   ++........              (no amulet)
HPRegen 1.01/turn               e - ring of willpower
MPRegen 0.11/turn               k - +6 ring of strength

@: no status effects
A: large, unfitting armour, claws 3, regeneration 1, shaggy fur 1, tough skin 1,
berserk 1
a: Renounce Religion, Potion Petition, Call Merchant, Bribe Branch


You were on level 8 of the Dungeon.
You worshipped Gozag.
Gozag was pleased with you.
You visited 1 branch of the dungeon, and saw 6 of its levels.
You also visited: Ossuary.

You collected 826 gold pieces.

Inventory:

Hand Weapons
 f - a +3 hand axe of flaming (weapon)
Missiles
 c - 103 stones
Armour
 b - a +0 robe (worn)
 m - a +0 pair of gloves
Jewellery
 e - a ring of willpower (left claw)
 k - a +6 ring of strength (right claw)
 v - a ring of positive energy
Scrolls
 i - a scroll of fog
 j - a scroll of amnesia
 l - 5 scrolls of noise
 n - a scroll of immolation {unknown}
 o - a scroll of teleportation
 q - 2 scrolls of summoning {unknown}
 w - 3 scrolls of torment {unknown}
 x - a scroll of blinking {unknown}
 y - 3 scrolls of enchant armour {unknown}
Potions
 a - 4 potions of degeneration
 d - 3 potions of might {unknown}
 g - 2 potions of invisibility {unknown}
 h - 2 potions of curing
 p - 3 potions of berserk rage {unknown}
 r - a potion of lignification {unknown}
 s - a potion of flight {unknown}
 t - 2 potions of brilliance {unknown}
 z - a potion of ambrosia {unknown}


   Skills:
 + Level 2.6 Fighting
 + Level 4.6 Axes
 + Level 3.0 Dodging
 + Level 1.4 Stealth
 + Level 0.3 Unarmed Combat
 + Level 1.9 Spellcasting
 + Level 0.7 Conjurations
 + Level 0.6 Transmutations
 + Level 3.7 Earth Magic


You had 2 spell levels left.
You knew the following spells:

 Your Spells              Type           Power      Damage    Failure   Level
a - Sandblast             Erth           20%        2d7       5%          1
b - Passwall              Tmut/Erth      5%         N/A       16%         2
c - Stone Arrow           Conj/Erth      12%        3d7       30%         3
d - Beastly Appendage     Tmut           4%         N/A       21%         1

Your spell library contained the following spells:

 Spells                   Type           Power      Damage    Failure   Level
 Wereblood                Tmut           2%         N/A       30%         2
 Ensorcelled Hibernation  Hex/Ice        2%         N/A       36%         2
 Ignite Poison            Fire/Tmut/Pois 1%         N/A       56%         3
 Mephitic Cloud           Conj/Pois/Air  1%         N/A       56%         3
 Spider Form              Tmut/Pois      2%         N/A       56%         3
 Ozocubu's Armour         Ice            1%         N/A       61%         3
 Petrify                  Tmut/Erth      6%         N/A       71%         4
 Anguish                  Hex/Necr       0%         N/A       95%         4
 Freezing Cloud           Conj/Ice/Air   0%         6-21      100%        5
 Ozocubu's Refrigeration  Ice            0%         4d5       100%        7


Dungeon Overview and Level Annotations

Branches:
Dungeon (5/15)             Temple (0/1) D:5         Ossuary (visited)

Altars:
Gozag

Shops:
D:1 *


Innate Abilities, Weirdness & Mutations

You are too large for most types of armour.
You have claws for hands.
Your natural rate of healing is unusually fast.
You are covered in fur. (AC +1)
You have tough skin. (AC +1)
You tend to lose your temper in combat.


Message History

The centaur shoots an arrow.
The arrow hits you!
The orc priest invokes the aid of Beogh against you.
Beogh smites you!
* * * LOW HITPOINT WARNING * * *
The centaur shoots an arrow.
The arrow hits you!
* * * LOW HITPOINT WARNING * * *
You feel better.
Your surroundings suddenly seem different.
An orc and 2 yaks come into view.
The yak bellows! x2; You hear a bellow!
The yak gores you.
* * * LOW HITPOINT WARNING * * *
A yak comes into view.
As you read the scroll of teleportation, it crumbles to dust.
You feel strangely unstable.
You recover from your berserk rage.
The yak gores you.
* * * LOW HITPOINT WARNING * * *
The yak closely misses you. The orc closely misses you. The yak gores you.
* * * LOW HITPOINT WARNING * * *
The yak gores you!
* * * LOW HITPOINT WARNING * * *
You feel better.
Your surroundings suddenly seem different.
A howler monkey and 2 yaks come into view.
Found 16 gold pieces and a book of Blasting.
Found a stone staircase leading down.
The yak bellows! x2; You hear a shout! x2
A yak comes into view.
The yak bellows!
The yak barely misses you. The yak gores you!
* * * LOW HITPOINT WARNING * * *
A kobold comes into view. It is wielding a +0 club.
The yak gores you.
* * * LOW HITPOINT WARNING * * *
There is a stone staircase leading down here.
The yak gores you!
You die...
Your body crumbles into a pile of gold.

##..........
...........
#........:#
#.$........
##.........
#..........
##.........
##.........
#@Y..##....
#.YY.# ...
#...........
##..........
........##
..........#
#..##....K.#
### ........


You could see 3 yaks and a kobold.

Vanquished Creatures
  A black bear (D:5)
  A phantom (D:5)
  A howler monkey (D:5)
  2 centaur zombies (Ossuary)
  2 hounds (D:5)
  A bullfrog skeleton (D:5)
  A human zombie (Ossuary)
  An orc priest (D:4)
  A gnoll shaman (D:5)
  2 orc wizards (D:4)
  A hound skeleton (D:5)
  5 mummies (Ossuary)
  10 adders
  8 gnolls
  8 worms
  3 dart slugs
  11 orcs
  5 bats
  8 endoplasms
  3 giant cockroaches
  3 gnoll zombies (Ossuary)
  5 goblins
  8 hobgoblins
  3 jackals (D:3)
  6 kobolds
  4 quokkas
  2 ball pythons
  5 frilled lizards
  A goblin zombie (Ossuary)
  An orc zombie (Ossuary)
  A quokka skeleton (D:4)
  2 rats (D:2)
116 creatures vanquished.

Vanquished Creatures (others)
  A plant (D:5)
1 creature vanquished.

Grand Total: 117 creatures vanquished

Notes
Turn   | Place    | Note
-------+----------+-------------------------------------------
     0 | D:1      | Keeper01 the Troll Earth Elementalist began the quest for
                  | the Orb.
     0 | D:1      | Reached XP level 1. HP: 16/16 MP: 1/1
    31 | D:1      | Found Otteco Uloe's General Store.
   146 | D:1      | Found a faded altar of an unknown god.
   149 | D:1      | Prayed at the altar of an unknown god.
   149 | D:1      | Became a worshipper of Gozag Ym Sagoz the Greedy
   293 | D:1      | Reached XP level 2. HP: 23/24 MP: 0/3
   860 | D:2      | Reached XP level 3. HP: 31/31 MP: 0/4
   975 | D:2      | Learned a level 2 spell: Passwall
  1089 | D:2      | Reached XP level 4. HP: 36/40 MP: 3/5
  1103 | D:2      | Learned a level 3 spell: Stone Arrow
  1159 | D:2      | Reached skill level 1 in Axes
  1366 | D:2      | Gained mutation: You tend to lose your temper in combat.
                  | [potion of mutation]
  1366 | D:2      | Gained mutation: You are dopey. (Int -2) [potion of
                  | mutation]
  1366 | D:2      | Lost mutation: You are dopey. (Int -2) [potion of mutation]
  2297 | D:3      | Reached skill level 2 in Axes
  2297 | D:3      | Reached XP level 5. HP: 37/46 MP: 2/6
  2727 | D:4      | Learned a level 1 spell: Beastly Appendage
  2905 | D:4      | Reached skill level 1 in Fighting
  2986 | D:4      | Found a sand-covered staircase.
  2991 | Ossuary  | Entered an ossuary
  3018 | Ossuary  | Reached XP level 6. HP: 55/55 MP: 0/7
  3183 | Ossuary  | Reached skill level 3 in Axes
  3419 | D:5      | Entered Level 5 of the Dungeon
  3435 | D:5      | Reached XP level 7. HP: 34/62 MP: 6/8
  3439 | D:5      | Reached skill level 4 in Axes
  3669 | D:5      | Found a staircase to the Ecumenical Temple.
  3724 | D:5      | You fall into a shaft and drop 3 floors!
  3730 | D:8      | Noticed a yak
  3730 | D:8      | Noticed a yak
  3730 | D:8      | Noticed a yak
  3735 | D:8      | Noticed a yak
  3735 | D:8      | Noticed a yak
  3736 | D:8      | Noticed a yak
  3741 | D:8      | Slain by a yak

Illustrated notes

Levels and vault maps discovered:
D:1:      minmay_arrival_stair_chambers, layout_loops_ring,
          hellmonk_ecumenical_altar_inner_sanctum, serial_shops,
          nicolae_shop_trees, minmay_misc_feat_more_columns
D:2:      layout_basic, amcnicky_mini_rare_corridor_liquid
D:3:      wander_river, layout_basic, serial_corexii_hall,
          corexii_hall_statues_s, corexii_hall_statues_t,
          cheibrodos_sewer_entry_bend, minmay_misc_feat_square,
          nicolae_elevator_lobby_asterisk
D:4:      layout_loops_cross, enter_ossuary_2
D:5:      layout_rooms, minmay_temple_entry_gardened_gates
D:8:      layout_cave_pools, kennysheep_vampire_church

Skill      XL: |  1  2  3  4  5  6  7 |
---------------+----------------------+-----
Earth Magic    | 3 |  3.7
Dodging        | 2 3 |  3.0
Axes           | 2 3 4 |  4.6
Fighting       | 1 2 |  2.6
Stealth        | |  1.4
Unarmed Combat | |  0.3
Spellcasting   | |  1.9
Conjurations   | |  0.7
Transmutations | |  0.6

Action                   |  1- 3 |  4- 6 |  7- 9 || total
-------------------------+-------+-------+-------++-------
Melee: Unarmed           |    10 |       |       ||    10
       Hand axe          |    47 |   227 |    38 ||   312
       Punch             |     2 |     1 |       ||     3
 Cast: Sandblast         |    11 |       |       ||    11
       Stone Arrow       |       |    13 |     1 ||    14
       Passwall          |       |     1 |       ||     1
       Beastly Appendage |       |       |     1 ||     1
  Use: Scroll            |     2 |     5 |     4 ||    11
       Potion            |       |     5 |     3 ||     8
 Stab: Sleeping          |       |     4 |       ||     4
Armor: Robe              |    37 |    53 |    18 ||   108
Dodge: Dodged            |    58 |    87 |    32 ||   177
